 Dungeon Crawl Stone Soup version 0.29-a0-356-g7bc237e783 (webtiles) character file.

Game seed: 5138582723856024090

165 oldmanjim the Shield-Bearer (level 5, -1/47 HPs)
             Began as a Hill Orc Fighter on Apr 26, 2022.
             Slain by a lemure (7 damage)
             ... led by Pikel
             ... on level 3 of the Dungeon.
             The game lasted 00:15:43 (2981 turns).

oldmanjim the Shield-Bearer (Hill Orc Fighter)      Turns: 2981, Time: 00:15:44

Health: -1/47      AC:  8    Str: 21      XL:     5   Next: 46%
Magic:  5/5        EV:  9    Int:  8      God:
Gold:   147        SH:  5    Dex: 14 (16) Spells: 4/4 levels left

rFire   . . .      SeeInvis .   a - +0 war axe
rCold   . . .      Faith    .   c - +0 buckler
rNeg    . . .      Spirit   .   i - +0 scale mail
rPois   .          Reflect  .   (no helmet)
rElec   .          Harm     .   (no cloak)
rCorr   .          Rampage  .   (no gloves)
Will    .....                   n - +0 pair of boots
Stlth   ..........              (no amulet)
HPRegen 0.15/turn               m - +6 ring of dexterity
MPRegen 0.09/turn               (no ring)

@: no status effects
A: no striking features
a: no special abilities


You were on level 3 of the Dungeon.
You visited 1 branch of the dungeon, and saw 4 of its levels.

You collected 179 gold pieces.
You spent 32 gold pieces at shops.

Inventory:

Hand Weapons
 a - a +0 war axe (weapon)
 b - a +5 hunting sling
Missiles
 k - 31 stones
 s - 2 poisoned darts
Armour
 c - a +0 buckler (worn)
 i - a +0 scale mail (worn)
 n - a +0 pair of boots (worn)
Jewellery
 m - a +6 ring of dexterity (left hand)
Scrolls
 e - 3 scrolls of teleportation
Potions
 f - 2 potions of mutation
 g - a potion of brilliance
 h - a potion of ambrosia
 j - a potion of lignification {unknown}
 l - a potion of magic
 o - a potion of curing {unknown}
 p - 2 potions of heal wounds
 q - a potion of degeneration {unknown}


   Skills:
 + Level 4.8 Fighting
 + Level 4.6 Axes
 - Level 3.2 Armour
 - Level 5.0 Shields


You had 4 spell levels left.
You didn't know any spells.
Your spell library contained the following spells:

 Spells                   Type           Power      Damage    Failure   Level
 Slow                     Hex            0%         N/A       83%         1
 Blink                    Tloc           0%         N/A       92%         2
 Confusing Touch          Hex            0%         N/A       99%         3
 Frozen Ramparts          Ice            0%         1d2       99%         3
 Lesser Beckoning         Tloc           0%         N/A       99%         3
 Vampiric Draining        Necr           0%         2d6       99%         3
 Ice Form                 Ice/Tmut       0%         N/A       100%        4
 Summon Ice Beast         Ice/Summ       0%         N/A       100%        4
 Manifold Assault         Tloc           0%         N/A       100%        5


Dungeon Overview and Level Annotations

Branches:
Dungeon (4/15)             Temple (0/1) D:4

Altars:
Okawaru

Shops:
D:3 *

Annotations:
D:3 Pikel
D:4 Eustachio


Message History

You are too injured to fight recklessly!
Unknown command.
You are too injured to fight recklessly!
Unknown command.
You are too injured to fight recklessly!
Unknown command.
You are too injured to fight recklessly!
Unknown command.
You are too injured to fight recklessly!
Unknown command.
You are too injured to fight recklessly!
Unknown command.
You are too injured to fight recklessly!
Unknown command.
You are too injured to fight recklessly!
Unknown command.
You are too injured to fight recklessly!
Unknown command.
You are too injured to fight recklessly!
Unknown command.
You closely miss Pikel.
Pikel is moderately wounded.
Pikel hits you but does no damage.
You barely miss Pikel.
Pikel is moderately wounded.
You hit the lemure. The lemure hits you!
* * * LOW HITPOINT WARNING * * *
Pikel hits you with a +0 whip of freezing.
* * * LOW HITPOINT WARNING * * *
Pikel freezes you.
* * * LOW HITPOINT WARNING * * *
You block the lemure's attack. Pikel hits you but does no damage.
You hit Pikel.
Pikel is heavily wounded.
You closely miss the lemure. The lemure hits you but does no damage.
Pikel hits you but does no damage.
You hit Pikel.
Pikel is heavily wounded.
You hit the lemure but do no damage. The lemure hits you!
You die...

######## #......#
#......##########
#.....@##.......#
#....5K##.......#
#......##.[>....#
#.......รท....)..#
#......#........#
#......##......5##
#########.....KS.######
#........#..#....
#.....>..#......#


You could see Pikel and a lemure.

Vanquished Creatures
  A lemure (D:3)
  A hound (D:4)
  An iguana (D:3)
  3 adders
  2 worms
  2 dart slugs
  An orc (D:4)
  5 bats
  5 endoplasms
  7 giant cockroaches
  7 hobgoblins
  3 jackals (D:1)
  2 kobolds
  2 quokkas
  5 ball pythons
  4 frilled lizards
  12 goblins
  4 rats
67 creatures vanquished.

Notes
Turn   | Place    | Note
-------+----------+-------------------------------------------
     0 | D:1      | oldmanjim the Hill Orc Fighter began the quest for the Orb.
     0 | D:1      | Reached XP level 1. HP: 19/19 MP: 1/1
   112 | D:1      | Reached XP level 2. HP: 27/27 MP: 2/2
   485 | D:1      | Reached skill level 4 in Shields
   485 | D:1      | Reached XP level 3. HP: 33/33 MP: 3/3
   538 | D:1      | Found a faded altar of an unknown god.
   641 | D:2      | Found an iron altar of Okawaru.
   981 | D:2      | Reached XP level 4. HP: 40/40 MP: 4/4
  1731 | D:3      | Reached XP level 5. HP: 17/47 MP: 5/5
  1933 | D:3      | Found Pidenoq's Assorted Antiques.
  1942 | D:3      | Bought a scroll labelled TOAWKI FOLOPOWIFF for 32 gold
                  | pieces
  2229 | D:4      | Reached skill level 5 in Shields
  2250 | D:4      | Noticed Eustachio
  2479 | D:4      | Noticed Pikel
  2479 | D:4      | Noticed a lemure
  2479 | D:4      | Noticed a lemure
  2501 | D:3      | Killed a lemure
  2789 | D:4      | Noticed a lemure
  2789 | D:4      | Noticed a lemure
  2981 | D:3      | Slain by a lemure

Illustrated notes

Levels and vault maps discovered:
D:1:      evilmike_arrival_grusome_pit, layout_rooms,
          shapermc_ecumenical_altar_notcrosses
D:2:      wad_pebble_path, layout_loops_ring, basic_altar
D:3:      layout_rooms, serial_shops, nicolae_shop_overgrown_old_shop,
          kennysheep_generic_room_9
D:4:      layout_loops_ring, minmay_temple_entry_slanted, uniq_eustachio,
          uniq_robin, uniq_pikel

Skill      XL: |  1  2  3  4  5 |
---------------+----------------+-----
Axes           | 3 4 |  4.6
Fighting       | 4 |  4.8
Shields        | 4 5 |  5.0
Armour         | |  3.2

Action                   |  1- 3 |  4- 6 || total
-------------------------+-------+-------++-------
Melee: War axe           |    27 |    44 ||    71
 Fire: Hunting sling     |    65 |    73 ||   138
  Use: Scroll            |     7 |     5 ||    12
       Potion            |       |     2 ||     2
Armor: Scale mail        |    21 |    52 ||    73
Dodge: Dodged            |    31 |    53 ||    84
Block: Buckler           |     7 |    35 ||    42

Table legend: (Time is in decaauts)
 A = Elapsed time spent in this place.
 B = Non-inter-level travel time spent in this place.
 C = Inter-level travel time spent in this place.
 D = Time resting spent in this place.
 E = Time spent auto-exploring this place.
 F = Levels seen in this place.
 G = Mean time per level.
                   A        B        C        D        E       F      G
               +--------+--------+--------+--------+--------+-----+--------+
         Total |   3100 |   2961 |    139 |    746 |   1627 |   4 |  775.0 |
       Dungeon |   3100 |   2961 |    139 |    746 |   1627 |   4 |  775.0 |
               +--------+--------+--------+--------+--------+-----+--------+

Top non-repeatable levels by time:
     D:3: 1623 daAuts
     D:2: 797 daAuts
     D:1: 611 daAuts
     D:4: 68 daAuts
